 Seeded DCSS version 0.27-a0-1287-gca74d27db6 (webtiles) character file.

Game seed: 31141622101141340 (custom seed)

22 flotson the Skirmisher (level 2, -4/24 HPs)
             Began as a Demonspawn Fighter on June 14, 2021.
             Slain by Natasha (7 damage)
             ... on level 2 of the Dungeon.
             The game lasted 00:01:07 (789 turns).

flotson the Skirmisher (Demonspawn Fighter)          Turns: 789, Time: 00:01:08

Health: -4/24      AC:  7    Str: 16    XL:     2   Next: 68%
Magic:  2/2        EV:  7    Int:  9    God:
Gold:   26         SH:  8    Dex: 12    Spells: 1/1 levels left

rFire    . . .     SeeInvis .   a - +0 war axe
rCold    . . .     Faith    .   c - +0 kite shield
rNeg     . . .     Spirit   .   e - +0 scale mail
rPois    .         Reflect  .   (no helmet)
rElec    .         Harm     .   (no cloak)
rCorr    .         Rampage  .   (no gloves)
Will     .....                  (no boots)
Stlth    ..........             (no amulet)
HPRegen  0.08/turn              (no ring)
MPRegen  0.08/turn              (no ring)

@: no status effects
A: rugged brown scales 1
a: no special abilities


You were on level 2 of the Dungeon.
You visited 1 branch of the dungeon, and saw 2 of its levels.

You collected 26 gold pieces.

Inventory:

Hand Weapons
 a - a +0 war axe (weapon)
 b - a +0 hunting sling
Missiles
 g - 12 poisoned darts (quivered)
 h - 5 boomerangs
 l - 14 sling bullets
Armour
 c - a +0 kite shield (worn)
 e - a +0 scale mail (worn)
Scrolls
 i - 2 scrolls of identify {unknown}
 k - a scroll of teleportation {unknown}
Potions
 d - 3 potions of might
 f - a potion of mutation {unknown}
 j - a potion of haste {unknown}
 m - a potion of flight {unknown}
 n - a potion of ambrosia {unknown}


   Skills:
 + Level 3.2 Fighting
 + Level 2.0 Axes
 + Level 0.4 Throwing
 + Level 2.8 Armour
 + Level 0.6 Dodging
 + Level 2.8 Shields


You had one spell level left.
You didn't know any spells.
Your spell library was empty.

Dungeon Overview and Level Annotations

Branches:
Dungeon (2/15)

Altars:

Annotations:
D:2 Natasha


Innate Abilities, Weirdness & Mutations

You are partially covered in rugged brown scales. (AC +1, +3% HP)


Message History

The endoplasm is moderately wounded.
The endoplasm freezes you.
You are frozen.
Natasha, Servant of Life and Death comes into view.
The endoplasm freezes you.
You are frozen.
Natasha moves out of view.
You hit the endoplasm.
You kill the endoplasm!
You miss the goblin. You block the goblin's attack. x2
Natasha hisses angrily.
You hit the goblin.
You kill the goblin!
A rat comes into view.
Natasha casts a spell.
Found 3 gold pieces.
Things that are here:
a +0 dagger; 11 gold pieces You miss the crimson imp.
The crimson imp hits you.
You closely miss the crimson imp. You hit Natasha.
Natasha claws you but does no damage. The crimson imp hits you.
Natasha closely misses you. The crimson imp closely misses you.
You barely miss Natasha.
Natasha is moderately wounded.
You hit the crimson imp but do no damage.
Natasha claws you! The crimson imp hits you.
Natasha claws you but does no damage.
Unknown command.
You slash Natasha!
Natasha is almost dead.
You hit the crimson imp. The crimson imp barely misses you. Natasha claws you.
* * * LOW HITPOINT WARNING * * *
The crimson imp hits you but does no damage.
You block the rat's attack.
You closely miss Natasha.
Natasha is almost dead.
You slash the rat!
You kill the rat!
You miss the crimson imp. Natasha claws you but does no damage.
The crimson imp barely misses you. Natasha claws you!
You die...

....#########
............#
............#
$.......$...#
............#
............#
......†.....#
......h@....#####
.......5.........
###.#####...####
.#.#. #'### #
###.# #.#
Pb....#.#######.
#######........>
........########
#######..#


You could see Natasha and a crimson imp (summoned).

Vanquished Creatures
  3 endoplasms
  A giant cockroach (D:1)
  3 goblins
  3 hobgoblins (D:1)
  3 ball pythons (D:1)
  4 bats (D:1)
  A frilled lizard (D:1)
  3 rats
21 creatures vanquished.

Vanquished Creatures (others)
  4 toadstools (D:1)
4 creatures vanquished.

Grand Total: 25 creatures vanquished

Notes
Turn   | Place    | Note
-------+----------+-------------------------------------------
     0 | D:1      | flotson the Demonspawn Fighter began the quest for the Orb.
     0 | D:1      | Reached XP level 1. HP: 18/18 MP: 1/1
   261 | D:1      | Gained mutation: You are partially covered in rugged brown
                  | scales. (AC +1, +3% HP) [demonic ancestry]
   261 | D:1      | Reached XP level 2. HP: 18/24 MP: 2/2
   779 | D:2      | Noticed Natasha
   785 | D:2      | Noticed a crimson imp
   789 | D:2      | Slain by Natasha

Illustrated notes

Levels and vault maps discovered:
D:1:      ldierk_walled_garden_2, layout_loops_ring
D:2:      layout_basic, serial_aquarium, aquarium_bridge_square
          [aquarium_subvault_bridge, aquarium_subvault_window,
          aquarium_subvault_bridge, aquarium_subvault_bridge],
          aquarium_bridge_straight [aquarium_subvault_bridge,
          aquarium_subvault_wall, aquarium_subvault_bridge,
          aquarium_subvault_balcony], aquarium_window_fake, aquarium_window_2,
          aquarium_view_2e, uniq_natasha, uniq_sigmund

Skill      XL: |  1  2 |
---------------+-------+-----
Axes           | 2 |  2.0
Fighting       | |  3.2
Throwing       | |  0.4
Armour         | |  2.8
Dodging        | |  0.6
Shields        | |  2.8

Action                   || total
-------------------------++-------
Melee: War axe           ||    60
Armor: Scale mail        ||    45
Dodge: Dodged            ||    26
Block: Kite shield       ||    35

Table legend: (Time is in decaauts)
 A = Elapsed time spent in this place.
 B = Non-inter-level travel time spent in this place.
 C = Inter-level travel time spent in this place.
 D = Time resting spent in this place.
 E = Time spent auto-exploring this place.
 F = Levels seen in this place.
 G = Mean time per level.
                   A        B        C        D        E       F      G
               +--------+--------+--------+--------+--------+-----+--------+
         Total |    828 |    807 |     21 |      0 |    633 |   2 |  414.0 |
       Dungeon |    828 |    807 |     21 |      0 |    633 |   2 |  414.0 |
               +--------+--------+--------+--------+--------+-----+--------+

Top non-repeatable levels by time:
     D:1: 786 daAuts
     D:2: 42 daAuts
